AoeStats
← BGUS_Life is so hard
◆

Rage Forest 2026

504790058Analyzed
4v4 RM · 25d ago on Sep 6, 2026· 48m 0s· 8 players
Game mode
Random Map
Map size
Large (8 player)
Population
200
Speed
Normal
Resources
Standard
Victory
Conquest
Starting age
Dark Age
Ending age
Dark Age
RankedLock teamsTeams togetherTeam positionsShared explorationLock speedFull tech treeHidden civsTurbo modeCheats
Victory
Defeat
🇵🇱 Franks · Poland
1516
+12
🇩🇪 Malay · Germany
1436
+15
🇳🇴 Wei · Norway
1234
+23
🇳🇴 Japanese · Norway
1177
+26
🇹🇼 Italians · Taiwan
1420
-20
🇪🇸 Mongols · Spain
1411
-19
🇨🇦 Spanish · Canada
1400
-19
🇩🇪 Maya · Germany
1381
-18
Horagalles
4:24 Loom
11:42 Feudal Age
15:27 Castle Age
16:49 Double-Bit Axe
19:25 Fishing Lines
21:39 Bow Saw
23:27 Gillnets
29:44 Imperial Age
27:51 Wheelbarrow
28:33 Guard Tower
29:04 Ballistics
28:43 Fletching
28:53 Padded Archer Armor
28:18 Pikeman
28:59 Scale Mail Armor
29:19 Hand Cart
28:49 Town Watch
29:27 Gold Mining
29:27 Stone Mining
29:49 Squires
29:46 Bodkin Arrow
31:01 Town Patrol
31:30 Kataparuto
31:11 Yasama
31:13 Bracer
31:51 Keep
31:01 Arrowslits
32:43 Chemistry
32:21 Conscription
32:34 Treadmill Crane
32:55 Halberdier
33:51 Chain Mail Armor
33:46 Forging
34:31 Elite Samurai
36:58 Two-Man Saw
39:17 Plate Mail Armor
39:23 Iron Casting
42:32 Caravan
44:40 Coinage
44:53 Fortified Wall
46:18 Blast Furnace
46:33 Elite Skirmisher
47:18 Thumb Ring
47:15 Padded Archer Armor
47:20 Scale Barding Armor
48:16 Leather Archer Armor
serkoprime
1:46 Loom
10:54 Feudal Age
10:23 Man-at-Arms
14:37 Double-Bit Axe
15:33 Horse Collar
19:02 Wheelbarrow
22:14 Castle Age
22:03 Bow Saw
22:54 Heavy Plow
23:44 Fletching
23:30 Crossbowman
24:06 Gold Mining
29:05 Bodkin Arrow
29:33 Gold Mining
34:28 Imperial Age
33:05 Padded Archer Armor
33:44 Ballistics
33:59 Bracer
35:03 Chemistry
35:20 Leather Archer Armor
36:06 Masonry
36:07 Siege Engineers
36:15 Masonry
35:38 Arbalester
36:48 Stone Mining
37:59 Gold Shaft Mining
38:58 Ring Archer Armor
38:12 Elite Skirmisher
jaszkowska.aleksandra
6:43 Loom
11:52 Feudal Age
16:36 Castle Age
15:04 Double-Bit Axe
23:46 Wheelbarrow
25:25 Wheelbarrow
28:06 Hand Cart
28:29 Gold Mining
28:32 Stone Mining
28:57 Bow Saw
30:32 Gold Shaft Mining
31:07 Scale Barding Armor
31:04 Husbandry
34:06 Imperial Age
32:37 Chain Barding Armor
32:25 Caravan
33:04 Forging
35:18 Iron Casting
34:54 Cavalier
37:09 Chemistry
37:06 Conscription
37:59 Blast Furnace
38:20 Plate Barding Armor
37:30 Paladin
39:25 Fletching
40:31 Coinage
40:28 Chivalry
40:48 Bodkin Arrow
40:55 Padded Archer Armor
41:25 Siege Engineers
43:43 Banking
46:23 Town Watch
46:00 Light Cavalry
46:01 Man-at-Arms
46:56 Masonry
46:45 Capped Ram
Basse
0:46 Loom
10:14 Feudal Age
14:57 Castle Age
13:45 Double-Bit Axe
14:18 Horse Collar
16:15 Bow Saw
16:32 Town Watch
17:23 Gold Mining
20:26 Heavy Plow
21:13 Wheelbarrow
21:17 Stone Mining
26:12 Scale Barding Armor
29:41 Imperial Age
29:11 Chain Barding Armor
29:36 Hand Cart
29:45 Tuntian
30:31 Bloodlines
30:32 Husbandry
31:42 Ming Guang Armor
32:25 Conscription
32:32 Conscription
33:27 Crop Rotation
33:35 Gold Shaft Mining
33:44 Stone Shaft Mining
35:07 Forging
37:06 Fletching
37:17 Padded Archer Armor
36:50 Light Cavalry
37:31 Husbandry
37:07 Elite Skirmisher
37:44 Bodkin Arrow
37:57 Caravan
38:53 Leather Archer Armor
40:34 Chemistry
40:20 Bracer
43:53 Ring Archer Armor
43:47 Town Patrol
44:53 Coinage
44:07 Hussar
45:40 Pikeman
46:20 Squires
48:04 Iron Casting
Rüdiger
0:29 Loom
11:26 Feudal Age
13:23 Double-Bit Axe
19:47 Castle Age
20:16 Fletching
20:04 Crossbowman
21:26 Bodkin Arrow
25:39 Horse Collar
26:30 Padded Archer Armor
27:48 Bow Saw
29:39 Wheelbarrow
34:59 Imperial Age
32:27 Gold Mining
33:42 Hand Cart
33:54 Ballistics
34:15 Leather Archer Armor
35:55 Bracer
36:24 Arbalester
37:32 Thumb Ring
41:45 Chemistry
42:58 Ring Archer Armor
46:16 Scale Mail Armor
King Gabb
11:01 Feudal Age
15:00 Castle Age
13:18 Double-Bit Axe
13:13 Horse Collar
14:51 Gold Mining
16:29 Bow Saw
17:01 Loom
23:59 Wheelbarrow
25:24 Heavy Plow
29:32 Imperial Age
27:20 Hand Cart
27:30 Stone Mining
27:41 Heavy Plow
28:19 Gold Shaft Mining
27:49 Fletching
29:19 Bodkin Arrow
30:22 Bloodlines
30:12 Husbandry
30:56 Bracer
31:25 Padded Archer Armor
32:04 Stone Shaft Mining
32:26 Parthian Tactics
31:41 Capped Ram
33:23 Ballistics
34:38 Conscription
34:07 Capped Ram
35:24 Leather Archer Armor
35:13 Nomads
35:24 Elite Mangudai
37:14 Chemistry
37:18 Onager
38:27 Drill
38:27 Siege Engineers
38:18 Murder Holes
38:35 Masonry
38:42 Town Watch
41:10 Siege Engineers
45:10 Heavy Scorpion
Iynn
1:17 Loom
12:24 Feudal Age
15:56 Castle Age
14:29 Double-Bit Axe
14:27 Horse Collar
16:52 Bow Saw
16:58 Heavy Plow
21:46 Gold Mining
22:47 Wheelbarrow
27:45 Imperial Age
25:32 Padded Archer Armor
27:04 Leather Archer Armor
27:10 Stone Mining
27:44 Hand Cart
27:50 Bloodlines
29:53 Chemistry
29:52 Ring Archer Armor
30:10 Conscription
29:52 Fletching
33:16 Elite Conquistador
35:28 Caravan
37:02 Town Watch
37:26 Husbandry
37:37 Scale Barding Armor
37:43 Forging
40:02 Cavalier
41:57 Chain Barding Armor
42:12 Iron Casting
42:47 Paladin
46:32 Plate Barding Armor
BGUS_Life is so hard
10:57 Feudal Age
14:45 Castle Age
12:57 Double-Bit Axe
15:37 Bow Saw
17:49 Fishing Lines
22:27 Gillnets
26:14 Wheelbarrow
30:47 Imperial Age
28:14 Loom
28:44 Hand Cart
29:58 Scale Mail Armor
30:08 Forging
30:09 Caravan
30:38 Squires
30:23 Arson
31:10 Chain Mail Armor
30:47 Fletching
30:57 Padded Archer Armor
30:49 Onager
32:00 Conscription
32:04 Silk Road
32:48 Chemistry
33:44 Plate Mail Armor
33:49 Iron Casting
35:29 Bodkin Arrow
36:46 Blast Furnace
35:31 Pikeman
38:28 Elite Genoese Crossbowman
40:12 Stone Mining
40:13 Gold Mining
41:28 Bombard Tower
43:13 Bracer
46:13 Stone Shaft Mining
46:00 Leather Archer Armor
48:12 Medium Warships
Connection lost

Rejoining the realm…

Still unreachable

The connection could not be restored.

Session expired

The server has moved on; the page needs a fresh start.